 Dungeon Crawl Stone Soup version 0.32-a0-630-g46d191b0ed (webtiles) character file.

Game seed: 13280425779620295927

56 zenocrate the Digger (level 3, 0/21 HPs)
             Began as an Octopode Earth Elementalist on Mar 6, 2024.
             Slain by Robin
             ... wielding a +0 short sword
              (3 damage)
             ... on level 2 of the Dungeon.
             The game lasted 00:01:43 (1222 turns).

zenocrate the Digger (Octopode Earth Elementalist)  Turns: 1222, Time: 00:01:43

Health: 0/21       AC:  1    Str:  7    XL:     3   Next: 97%
Magic:  0/6        EV: 13    Int: 19    God:
Gold:   88         SH:  0    Dex: 12    Spells: 3/7 levels left

rFire   . . .        a - +1 short sword (speed)
rCold   . . .        (no shield)
rNeg    . . .        (helmet restricted)
rPois   .            (no amulet)
rElec   .            (no ring)
rCorr   .            (no ring)
SInv    .            (no ring)
Will    .....        (no ring)
Stlth   +++          (no ring)
HPRegen 0.23/turn    (no ring)
MPRegen 0.10/turn    (no ring)
                     (no ring)

%: no passive effects
@: no status effects
A: almost no armour, amphibious, 8 rings, camouflage 1, gelatinous body 1,
(nimble swimmer 1), tentacles
a: no special abilities


You were on level 2 of the Dungeon.
You visited 1 branch of the dungeon, and saw 2 of its levels.

You collected 88 gold pieces.

Inventory:

Hand Weapons
 a - a +1 short sword of speed (weapon)
 f - a +0 rapier
Wands
 g - a wand of warping (5)
Scrolls
 c - a scroll of identify {unknown}
 d - a scroll of teleportation {unknown}
 e - a scroll of blinking {unknown}
 h - a scroll of torment {unknown}
Potions
 b - a potion of magic


   Skills:
 + Level 2.1 Dodging
 - Level 2.6 Stealth
 - Level 0.5 Unarmed Combat
 + Level 2.6 Spellcasting
 + Level 2.1 Conjurations
 + Level 3.5 Earth Magic


You had 3 spell levels left.
You knew the following spells:

 Your Spells              Type           Power      Damage    Failure   Level
a - Sandblast             Erth           32%        2d9       3%          1
b - Stone Arrow           Conj/Erth      26%        3d8       14%         3

Your spell library contained the following spells:

 Spells                   Type           Power      Damage    Failure   Level
 Magic Dart               Conj           40%        1d5       7%          1
 Searing Ray              Conj           20%        2d5       10%         2
 Passwall                 Erth           16%        N/A       11%         3
 Necrotise                Necr           8%         1d4       16%         1
 Slow                     Hex            8%         N/A       16%         1
 Confusing Touch          Hex            2%         N/A       43%         3
 Sigil of Binding         Hex            2%         N/A       43%         3
 Vampiric Draining        Necr           2%         2d6       43%         3
 Brom's Barrelling Bould  Conj/Erth      13%        2d4       43%         4
 Petrify                  Alch/Erth      9%         N/A       58%         4
 Fulminant Prism          Conj/Alch      3%         3d5       71%         4
 Martyr's Knell           Necr/Summ      2%         N/A       85%         4
 Curse of Agony           Necr           2%         N/A       99%         5


Dungeon Overview and Level Annotations

Branches:
Dungeon (2/15)

Altars:

Annotations:
D:2 Robin


Innate Abilities, Weirdness & Mutations

You cannot wear most types of armour.
You are amphibious.
You can wear up to eight rings at the same time.
Your skin changes colour to match your surroundings (Stealth+).
Your rubbery body absorbs attacks. (AC +1, EV +1)
((You are camouflaged when in or above water. (Stealth+)))
You have tentacles for arms and can constrict up to eight enemies at once.


Message History

Casting: Sandblast (safe; 3% risk of failure)
Confirm with . or Enter, or press ? or * to list all spells.
Aiming: Sandblast (safe; 3% risk of failure)
Press: ? - help, Shift-Dir - straight line, f - goblin
Aim: a goblin, wielding a +0 club (strong, 77% to hit)
The blast of sand hits the goblin.
The goblin is severely wounded.
The goblin no longer looks unusually strong.
A quokka comes into view.
The goblin hits you with a +0 club.
The quokka moves out of view.
Casting: Sandblast (safe; 3% risk of failure)
Confirm with . or Enter, or press ? or * to list all spells.
Aiming: Sandblast (safe; 3% risk of failure)
Press: ? - help, Shift-Dir - straight line, f/p - goblin
Aim: a goblin, wielding a +0 club (severely wounded, 77% to hit)
The blast of sand hits the goblin.
You kill the goblin!
Robin says, "My goblins will feast on your bones."
The goblin misses you.
Casting: Sandblast (safe; 3% risk of failure)
Confirm with . or Enter, or press ? or * to list all spells.
Aiming: Sandblast (safe; 3% risk of failure)
Press: ? - help, Shift-Dir - straight line, f - goblin
Aim: a goblin, wielding a +0 dagger (strong, 77% to hit)
The blast of sand misses the goblin.
The goblin hits you with a +0 dagger.
* * * LOW HITPOINT WARNING * * *
The goblin barely misses you.
Unknown command.
Unknown command.
Okay, then.
Okay, then.
The goblin no longer looks unusually strong.
Robin hits you with a +0 short sword.
* * * LOW HITPOINT WARNING * * *
Unknown command.
Unknown command.
The goblin no longer looks unusually strong.
Robin attacks as they pursue you! Robin hits you with a +0 short sword.
You die...
Robin calls out, "Let's celebrate!
Time for a feast!"

# #..g.## ...## #.#.##g.#
##..# # #..##g#..##.# .# #
###..gg##....##..
#..##.#.g##.#..# ..##
#..#g##..#.##..# ..#. #
#.gg.##....## #..
#.#.##g.#.##..# #.#
###..##@#..##.#. #. ..#
..##....##....# ..##..
#..##.#..##.#..##.#..##
#..#.##..#.##..#.##..#.
###....##....##....##.. #
#.#.##..#.##..#.##..#.# #.
#..##.#..##.#..##.#..#
#..###....##....##....##..
#.....##.#..##.#.)##.#..##


You could see Robin, a hobgoblin and 2 goblins.

Vanquished Creatures
  An adder (D:2)
  3 dart slugs (D:1)
  2 ball pythons (D:1)
  An endoplasm (D:1)
  A giant cockroach (D:2)
  8 goblins
  6 hobgoblins
  4 kobolds
  2 quokkas (D:1)
  2 bats
  3 frilled lizards (D:1)
  3 rats (D:1)
36 creatures vanquished.

Notes
Turn   | Place    | Note
-------+----------+-------------------------------------------
     0 | D:1      | zenocrate the Octopode Earth Elementalist began the quest
                  | for the Orb.
     0 | D:1      | Reached XP level 1. HP: 11/11 MP: 3/3
    87 | D:1      | Reached XP level 2. HP: 17/17 MP: 1/5
   468 | D:1      | Reached XP level 3. HP: 21/21 MP: 6/6
   662 | D:1      | Learned a level 3 spell: Stone Arrow
  1203 | D:2      | Noticed Robin
  1222 | D:2      | Slain by Robin

Illustrated notes

Levels and vault maps discovered:
D:1:      tarquinn_simple_flora_water_a, layout_basic, grunt_decor_arrowhead,
          minmay_hedge_maze
D:2:      layout_basic, nicolae_eternal_life, uniq_robin

Skill      XL: |  1  2  3 |
---------------+----------+-----
Conjurations   | 2 |  2.1
Dodging        | |  2.1
Stealth        | |  2.6
Unarmed Combat | |  0.5
Spellcasting   | |  2.6
Earth Magic    | |  3.5

Action                     || total
---------------------------++-------
  Melee: Short sword       ||    24
         Constrict         ||     8
         Unarmed           ||     1
         Tentacles         ||     5
   Cast: Sandblast         ||    28
   Stab: Sleeping          ||     5
 Armour: Skin              ||    17
  Dodge: Dodged            ||    13

Table legend: (Time is in decaauts)
 A = Elapsed time spent in this place.
 B = Non-inter-level travel time spent in this place.
 C = Inter-level travel time spent in this place.
 D = Time resting spent in this place.
 E = Time spent auto-exploring this place.
 F = Levels seen in this place.
 G = Mean time per level.
                   A        B        C        D        E       F      G
               +--------+--------+--------+--------+--------+-----+--------+
         Total |   1227 |   1200 |     27 |      0 |    987 |   2 |  613.5 |
       Dungeon |   1227 |   1200 |     27 |      0 |    987 |   2 |  613.5 |
               +--------+--------+--------+--------+--------+-----+--------+

Top non-repeatable levels by time:
     D:1: 985 daAuts
     D:2: 241 daAuts
